 Dungeon Crawl Stone Soup version 0.30-a0-722-g3e6e8c874d (webtiles) character file.

Game seed: 8154287267662546214

30 Bnni the Vexing (level 3, -4/27 HPs)
             Began as a Formicid Hexslinger on Jan 28, 2023.
             Slain by a gnoll
             ... wielding a +0 club
             ... led by a gnoll bouda
              (6 damage)
             ... on level 2 of the Dungeon.
             The game lasted 00:01:13 (1155 turns).

Bnni the Vexing (Formicid Hexslinger)               Turns: 1155, Time: 00:01:14

Health: -4/27      AC:  3    Str: 14    XL:     3   Next: 37%
Magic:  2/5        EV: 12    Int: 14    God:
Gold:   61         SH:  0    Dex: 14    Spells: 0/4 levels left

rFire   . . .      SeeInvis +    a - +1 sling
rCold   . . .      Faith    .    (no shield)
rNeg    . . .      Spirit   .    c - +0 robe
rPois   .          Reflect  .    (helmet unavailable)
rElec   .          Harm     .    (no cloak)
rCorr   .          Rampage  .    j - +0 pair of gloves
Will    .....                    (no boots)
Stlth   +                        (no amulet)
HPRegen 0.24/turn                (no ring)
MPRegen 0.09/turn                (no ring)

@: no status effects
A: permanent stasis, dig shafts and tunnels, antennae 3, four strong arms
a: Dig, Shaft Self


You were on level 2 of the Dungeon.
You visited 1 branch of the dungeon, and saw 2 of its levels.

You collected 61 gold pieces.

Inventory:

Hand Weapons
 a - a +1 sling (weapon)
Missiles
 f - 6 poisoned darts
Armour
 c - a +0 robe (worn)
 j - a +0 pair of gloves (worn)
Scrolls
 b - a scroll of poison
 d - 2 scrolls of identify {unknown}
 k - a scroll of noise {unknown}
 m - a scroll of amnesia {unknown}
Potions
 e - 2 potions of curing {unknown}
 g - a potion of attraction {unknown}
 h - 2 potions of flight {unknown}
 i - a potion of berserk rage {unknown}
 l - a potion of magic {unknown}


   Skills:
 + Level 1.7 Fighting
 * Level 2.4 Ranged Weapons
 - Level 1.7 Dodging
 + Level 1.3 Spellcasting
 * Level 4.0 Hexes
 * Level 1.2 Fire Magic


You couldn't memorise any spells.
You knew the following spells:

 Your Spells              Type           Power      Damage    Failure   Level
a - Slow                  Hex            48%        N/A       4%          1
b - Inner Flame           Hex/Fire       8%         N/A       26%         3

Your spell library contained the following spells:

 Spells                   Type           Power      Damage    Failure   Level
 Portal Projectile        Hex/Tloc       12%        N/A       32%         3
 Cause Fear               Hex            6%         N/A       43%         4


Dungeon Overview and Level Annotations

Branches:
Dungeon (2/15)

Altars:
Sif Muna


Innate Abilities, Weirdness & Mutations

You cannot be hasted, slowed, berserked, paralysed or teleported.
You can dig through walls and to a lower floor.
You have a pair of large antennae on your head. (SInv)
Your four strong arms can wield two-handed weapons with a shield.


Message History

You shoot a sling bullet.
The sling bullet closely misses the gnoll.
The sling bullet barely misses the gnoll.
You hear a shout!
The gnoll hits you but does no damage.
You shoot a sling bullet. The sling bullet hits the gnoll.
The gnoll is almost dead.
You hear a shout!
A gnoll comes into view. It is wielding a +0 halberd.
The gnoll barely misses you. x2
A gnoll comes into view. It is wielding a +0 whip.
You hear a shout!
You shoot a sling bullet.
The sling bullet closely misses the gnoll.
The gnoll hits you with a +0 club. The gnoll barely misses you.
The gnoll hits you with a +0 club.
Cast which spell? (? or * to list)
The spell is extremely dangerous to miscast (26% risk of failure)!
Continue anyway? [Y]es or [N]o only, please.
The spell is extremely dangerous to miscast (26% risk of failure)!
Continue anyway?
Aiming: Inner Flame (extremely dangerous; 26% risk of failure)
Press: ? - help, Dir - move target, f - gnoll, p - gnoll
Aim: a gnoll, wielding a +0 halberd (chance to affect: 64%)
The gnoll struggles to resist.
The gnoll hits you with a +0 club.
The gnoll hits you from afar with a +0 halberd!
The gnoll attacks as you move away! The gnoll completely misses you.
Fire: a) +1 sling
Press: ? - help, Shift-Dir - straight line, f/p - gnoll
Aim: a gnoll, wielding a +0 halberd (61% to hit)
You shoot a sling bullet.
The sling bullet hits the gnoll but does no damage.
The gnoll is almost dead.
The gnoll hits you with a +0 club.
The gnoll hits you from afar with a +0 halberd.
* * * LOW HITPOINT WARNING * * *
The gnoll attacks as you move away! The gnoll hits you with a +0 club.
* * * LOW HITPOINT WARNING * * *
There is an open door here.
The gnoll attacks as you move away! The gnoll hits you with a +0 club.
You die...

.##.# #....# #.# .##.# #....# #.#
.##.# ### #....# #.#
.##.##########.# #....# ##'##
...............## #....# #....
.#######........# #....# #....
......##........####....#####....
#####.##........#.g.gg......'....
#.##........@g###......##....
#.##........### #......##....
#.##........# #......##....
#.#####'##.## #..[...##...^
#.###...##.# #......##....
#.##>......# #......##....
#.##.############......###...
#.##.....###............ ...
#.######...#.....##### ###


You could see 4 gnolls.

Vanquished Creatures
  A worm (D:2)
  7 endoplasms
  A giant cockroach (D:1)
  A goblin (D:2)
  2 hobgoblins (D:1)
  A quokka (D:1)
  2 ball pythons
  3 bats (D:1)
  2 frilled lizards
  3 kobolds
  4 rats
27 creatures vanquished.

Notes
Turn   | Place    | Note
-------+----------+-------------------------------------------
     0 | D:1      | Bnni the Formicid Hexslinger began the quest for the Orb.
     0 | D:1      | Reached XP level 1. HP: 15/15 MP: 2/2
   116 | D:1      | Reached XP level 2. HP: 21/21 MP: 3/3
   730 | D:2      | Reached skill level 1 in Fire Magic
   739 | D:2      | Reached XP level 3. HP: 26/26 MP: 4/4
   743 | D:2      | Learned a level 3 spell: Inner Flame
   806 | D:2      | Reached skill level 4 in Hexes
   946 | D:2      | Found a shimmering blue altar of Sif Muna.
  1155 | D:2      | Slain by a gnoll

Illustrated notes

Levels and vault maps discovered:
D:1:      saegor_arrival_under_anarchy, layout_basic,
          minmay_misc_feat_four_crosses
D:2:      layout_basic, basic_altar

Skill      XL: |  1  2  3 |
---------------+----------+-----
Fire Magic     | 1 |  1.2
Hexes          | 4 |  4.0
Fighting       | |  1.7
Ranged Weapons | |  2.4
Dodging        | |  1.7
Spellcasting   | |  1.3

Action                     || total
---------------------------++-------
   Fire: Sling             ||    85
   Cast: Inner Flame       ||     1
 Armour: Robe              ||     8
  Dodge: Dodged            ||    31

Table legend: (Time is in decaauts)
 A = Elapsed time spent in this place.
 B = Non-inter-level travel time spent in this place.
 C = Inter-level travel time spent in this place.
 D = Time resting spent in this place.
 E = Time spent auto-exploring this place.
 F = Levels seen in this place.
 G = Mean time per level.
                   A        B        C        D        E       F      G
               +--------+--------+--------+--------+--------+-----+--------+
         Total |   1180 |   1145 |     35 |      0 |    945 |   2 |  590.0 |
       Dungeon |   1180 |   1145 |     35 |      0 |    945 |   2 |  590.0 |
               +--------+--------+--------+--------+--------+-----+--------+

Top non-repeatable levels by time:
     D:2: 610 daAuts
     D:1: 569 daAuts
